 Dungeon Crawl Stone Soup version 0.21.1-1-g345015fe64 (webtiles) character file.

159 RUZZLEFAZAZZLE the Skirmisher (level 5, -19/47 HPs)
             Began as a Hill Orc Fighter on May 15, 2018.
             Demolished by Pikel
             ... wielding a +1 whip of electrocution
              (20 damage)
             ... on level 5 of the Dungeon.
             The game lasted 00:04:26 (1723 turns).

RUZZLEFAZAZZLE the Skirmisher (Hill Orc Fighter)    Turns: 1723, Time: 00:04:28

Health: -19/47     AC:  7    Str: 20    XL:     5   Next: 40%
Magic:  5/5        EV:  7    Int:  8    God:
Gold:   128        SH:  9    Dex: 10    Spells: 4/4 levels left

rFire    . . .     SeeInvis .   a - +1 war axe
rCold    . . .     Gourm    .   c - +0 shield
rNeg     . . .     Faith    .   b - +0 scale mail
rPois    .         Spirit   .   (no helmet)
rElec    .         Reflect  .   (no cloak)
rCorr    .         Harm     .   (no gloves)
MR       .....                  (no boots)
Stlth    ..........             (no amulet)
HPRegen  0.15/turn              (no ring)
MPRegen  0.09/turn              (no ring)

@: no status effects
A: no striking features
a: no special abilities


You were on level 5 of the Dungeon.
You were not hungry.

You visited 1 branch of the dungeon, and saw 5 of its levels.

You collected 128 gold pieces.

Inventory:

Hand Weapons
 a - a +1 war axe (weapon)
Armour
 b - a +0 scale mail (worn)
 c - a +0 shield (worn)
Scrolls
 h - 2 scrolls of remove curse
 i - 3 scrolls of amnesia
 k - a scroll of enchant weapon
 n - 2 scrolls of noise {unknown}
 o - 2 scrolls of teleportation {unknown}
 p - a scroll of fog {unknown}
Potions
 d - a potion of might
 g - 2 potions of magic
 l - a potion of cancellation
 m - a potion of agility
 q - 2 potions of heal wounds
Comestibles
 f - 4 rations
 j - 9 chunks of flesh


   Skills:
 + Level 4.7 Fighting
 + Level 4.2 Axes
 + Level 4.3 Armour
 + Level 4.3 Shields


You had 4 spell levels left.
You didn't know any spells.

Dungeon Overview and Level Annotations

Branches:
Dungeon (5/15)
 Temple: D:4-7

Altars:
Dithmenos
Hepliaklqana
Uskayaw
Xom

Annotations:
D:5 Pikel


Message History

You closely miss Pikel.
Pikel is moderately wounded.
Pikel hits you with a whip of electrocution!
Pikel hits you with a whip of electrocution.
You closely miss Pikel.
Pikel is moderately wounded.
Pikel hits you with a whip of electrocution.
* * * LOW HITPOINT WARNING * * *
Your shield prevents you from hitting Pikel.
Pikel is moderately wounded.
Pikel hits you with a whip of electrocution.
* * * LOW HITPOINT WARNING * * *
You barely miss Pikel.
Pikel is moderately wounded.
Pikel hits you with a whip of electrocution.
* * * LOW HITPOINT WARNING * * *
Pikel hits you with a whip of electrocution!
* * * LOW HITPOINT WARNING * * *
You are electrocuted!
You die... #.####### ..ppppK.#

#@# #
#.###....
#<.......
#########


You could see Pikel and 4 slaves.

Vanquished Creatures
  2 orc priests (D:4)
  A worker ant (D:4)
  3 gnolls (D:4)
  An adder (D:4)
  A dart slug (D:1)
  An orc (D:4)
  A ball python (D:2)
  A giant cockroach (D:1)
  2 goblins (D:1)
  4 hobgoblins (D:1)
  7 jackals
  2 quokkas (D:2)
  4 bats
  3 frilled lizards
  2 kobolds (D:1)
  4 rats
39 creatures vanquished.

Notes
Turn   | Place    | Note
-------+----------+-------------------------------------------
     0 | D:1      | RUZZLEFAZAZZLE the Hill Orc Fighter began the quest for the Orb.
     0 | D:1      | Reached XP level 1. HP: 19/19 MP: 1/1
    94 | D:1      | Reached XP level 2. HP: 11/27 MP: 2/2
   749 | D:1      | Found a hazy altar of Hepliaklqana.
   751 | D:1      | Found a shattered altar of Ashenzari.
   751 | D:1      | Found a white marble altar of Elyvilon.
   753 | D:1      | Found a shimmering altar of Xom.
   753 | D:1      | Found a burning altar of Makhleb.
   753 | D:1      | Found a sparkling altar of Nemelex Xobeh.
  1282 | D:2      | Reached XP level 3. HP: 30/33 MP: 3/3
  1499 | D:4      | Reached XP level 4. HP: 32/40 MP: 4/4
  1589 | D:4      | Found a hide-covered altar of Uskayaw.
  1589 | D:4      | Found a shadowy altar of Dithmenos.
  1604 | D:4      | Reached XP level 5. HP: 36/47 MP: 5/5
  1638 | D:4      | Found a hazy altar of Hepliaklqana.
  1710 | D:5      | Entered Level 5 of the Dungeon
  1712 | D:5      | Noticed Pikel
  1712 | D:5      | Noticed a slave
  1712 | D:5      | Noticed a slave
  1712 | D:5      | Noticed a slave
  1713 | D:5      | Noticed a slave
  1723 | D:5      | HP: 1/47 [Pikel/whip of electrocution (7)]
  1723 | D:5      | Demolished by Pikel

Skill      XL: |  1  2  3  4 |
---------------+-------------+-----
Axes           | 3 4 |  4.2
Fighting       | 4 |  4.7
Armour         | 4 |  4.3
Shields        | 4 |  4.3

Action                   |  1- 3 |  4- 6 || total
-------------------------+-------+-------++-------
Melee: War axe           |    90 |    41 ||   131
  Use: Scroll            |       |     7 ||     7
  Eat: Chunk             |     2 |     1 ||     3
Armor: Scale mail        |    50 |    23 ||    73
Dodge: Dodged            |    26 |    10 ||    36
Block: Shield            |    41 |    27 ||    68
